AoeStats
← Naranja

Arena

510526472Analyzed
1v1 RM · 2d ago on Oct 1, 2026· 35m 28s· 2 players
Game mode
Random Map
Map size
Tiny (2 player)
Population
200
Speed
Normal
Resources
Standard
Victory
Conquest
Starting age
Dark Age
Ending age
Imperial Age
RankedLock teamsTeams togetherTeam positionsShared explorationLock speedFull tech treeHidden civsTurbo modeCheats
Victory
Defeat
🇫🇷 Slavs · France
615
+17
🇹🇼 Spanish · Taiwan
629
-17
Naranja
11:10 Feudal Age
11:42 Horse Collar
11:51 Double-Bit Axe
15:27 Loom
20:36 Castle Age
23:10 Forging
25:03 Bow Saw
26:12 Gold Mining
26:15 Stone Mining
29:00 Imperial Age
26:24 Pikeman
27:05 Squires
29:04 Heavy Plow
28:37 Elite Skirmisher
hyoga
8:34 Loom
12:38 Feudal Age
17:46 Castle Age
16:39 Double-Bit Axe
16:51 Stone Mining
24:00 Horse Collar
25:41 Gold Mining
26:59 Ballistics
26:44 Fletching
29:09 Murder Holes
29:25 Masonry
30:15 Pikeman
31:28 Squires
31:14 Arson
31:47 Bodkin Arrow
37:34 Imperial Age
Connection lost

Rejoining the realm…

Still unreachable

The connection could not be restored.

Session expired

The server has moved on; the page needs a fresh start.